 Dungeon Crawl Stone Soup version 0.25-a0-578-gc91f01c39c (webtiles) character file.

Game seed: 7192852527215592570, levelgen mode: deterministic

5006 Lugonue the Covert (level 10, -5/48 HPs)
             Began as a Felid Transmuter on Mar 3, 2020.
             Was an Elder of Cheibriados.
             Killed from afar by a deep elf mage (18 damage)
             ... with a bolt of lightning
             ... on level 15 of the Dungeon.
             The game lasted 00:38:09 (15120 turns).

Lugonue the Covert (Felid Transmuter)              Turns: 15120, Time: 00:38:09

Health: -5/48      AC:  8    Str: 16    XL:     10   Next: 29%
Magic:  15/22      EV: 19    Int: 35    God:    Cheibriados [****..]
Gold:   353        SH:  0    Dex: 32    Spells: 9/24 levels left
                                        Lives:  0   Deaths: 3

rFire    x . .     SeeInvis +     - Unarmed
rCold    + + +     Gourm    +   (shield unavailable)
rNeg     . . .     Faith    .   (armour unavailable)
rPois    +         Spirit   .   (helmet unavailable)
rElec    .         Reflect  .   (cloak unavailable)
rCorr    .         Harm     .   (gloves unavailable)
MR       +....                  (boots unavailable)
Stlth    +++++++...             y - amulet "Uvasacon" {Gourm Int+3 Dex+6}
HPRegen  0.16/turn              o - +3 ring of intelligence
MPRegen  0.18/turn              g - ring of stealth

@: ice-form, very slow
A: large, no armour, no weapons or thrown items, stealth, see invisible,
carnivore, slow metabolism 1
a: End Transformation, Bend Time, Temporal Distortion, Slouch, Renounce Religion


You were on level 15 of the Dungeon.
You worshipped Cheibriados.
Cheibriados was greatly pleased with you.
You were completely stuffed.
You were a creature of crystalline ice.
You visited 2 branches of the dungeon, and saw 15 of its levels.

You collected 525 gold pieces.
You spent 172 gold pieces at shops.

Inventory:

Missiles
 a - 75 arrows
Jewellery
 d - an uncursed ring of poison resistance
 g - a ring of stealth (right front paw)
 k - an uncursed ring of protection from cold
 o - a +3 ring of intelligence (left front paw)
 y - the amulet "Uvasacon" (around neck) {Gourm Int+3 Dex+6}
   (You found it on level 10 of the Dungeon)

   [amulet of the gourmand]

   It allows you to eat raw meat even when not hungry.
   It affects your intelligence (+3).
   It affects your dexterity (+6).
 A - an uncursed ring of positive energy
Wands
 e - a wand of digging (2)
 j - a wand of disintegration (9)
Scrolls
 b - 2 scrolls of remove curse
 h - a scroll of identify
 m - 5 scrolls of amnesia
Potions
 f - a potion of brilliance
 l - a potion of ambrosia {unknown}
 p - a potion of degeneration {unknown}
 q - 3 potions of stabbing
 s - 2 potions of might {unknown}
 v - a potion of magic
 x - 3 potions of flight {unknown}
Comestibles
 c - 13 rations


   Skills:
 + Level 2.5 Fighting
 * Level 8.3 Dodging
 * Level 12.0 Stealth
 + Level 9.0 Unarmed Combat
 + Level 7.5 Spellcasting
 + Level 8.0 Transmutations
 + Level 1.3 Ice Magic
 + Level 2.3 Poison Magic


You had 9 spell levels left.
You knew the following spells:

 Your Spells              Type           Power        Failure   Level  Hunger
a - Beastly Appendage     Tmut           ######       1%          1    None
b - Spider Form           Tmut/Pois      #####.....   1%          3    None
c - Sticks to Snakes      Tmut           ######..     1%          2    None
d - Blade Hands           Tmut           ######....   3%          5    ####...
e - Ice Form              Ice/Tmut       #####...     4%          4    None

Your spell library contained the following spells:

 Spells                   Type           Power        Failure   Level  Hunger
 Static Discharge         Conj/Air       ##......     10%         3    None
 Lightning Bolt           Conj/Air       ##........   65%         5    ####...
 Ignition                 Fire           ##........   100%        8    #######
 Shatter                  Erth           ##........   100%        9    #######
 Tornado                  Air            ##........   100%        9    #######


Dungeon Overview and Level Annotations

Branches:
Dungeon (15/15)            Temple (1/1) D:4            Lair (0/6) D:11
    Orc: D:9-12      Vaults: D:13-14     Depths: D:15

Altars:
Ashenzari
Cheibriados
Dithmenos
Elyvilon
Fedhas
Hepliaklqana
Kikubaaqudgha
Makhleb
Nemelex Xobeh
Okawaru
Qazlal
Ru
Trog
Uskayaw
Vehumet
Wu Jian
Xom
Yredelemnul
Zin
The Shining One

Shops:
D:5 =

Annotations:
D:4 exclusion: phantom
D:6 2 runed translucent doors, Gruesome's ghost, novice OpAE
D:11 Josephine


Innate Abilities, Weirdness & Mutations

You cannot wear armour.
You are incapable of wielding weapons or throwing items.
Your paws allow you to move quietly. (Stealth)
((You have sharp claws.))
((You have razor-sharp teeth.))
You have supernaturally acute eyesight. (SInv)
You are carnivorous and can eat meat at any time.
((You cover ground quickly.))
((You are covered in thick fur. (AC +2)))
You have a slow metabolism.
((Your sharp claws are effective at attacking unaware monsters.))


Message History

Confirm with . or Enter, or press ? or * to list all spells.
You turn into a creature of crystalline ice.
The deep elf knight casts a spell.
The deep elf knight seems to speed up.
Your adder misses the deep elf knight.
The deep elf knight closely misses your adder.
The deep elf mage hits you but does no damage.
You punch the deep elf mage! You freeze the deep elf mage.
The deep elf mage is moderately wounded.
The deep elf knight gestures at you while chanting.
The lance of force hits your adder!!
Your adder dies!
Unknown command.
Casting: Ice Form (safe; 4% risk of failure)
Confirm with . or Enter, or press ? or * to list all spells.
You create a snake!
You now have 75 arrows.
Your water moccasin misses the deep elf mage.
Your water moccasin barely misses the deep elf mage.
The deep elf mage casts a spell at you. The bolt of lightning hits you!!
You die...

....#.# ###.#.# #.#.#
#.#.# #.#.#
###ยง#.#############
....#.##..........#
###....'.......e..+
..#.#.##......SSYS#
..#.#...........###
..#.###########.#
..#.###########e#
..#........ ..#e.
..#.#########.#####.#
#.......<...........e
#############.####...
#.#


You could see 2 deep elf knights, a deep elf mage, 2 friendly water moccasins
and a friendly adder.

Vanquished Creatures
  A two-headed ogre (D:11)
  2 unseen horrors
  2 deep elf magi (D:10)
  2 trolls (D:9)
  A shadow (D:11)
  4 wraiths (D:7)
  6 yaks
  A hungry ghost (D:10)
  A soldier ant (D:14)
  A water moccasin (D:8)
  An ice beast (D:8)
  4 orc warriors
  2 sky beasts
  A necrophage (D:7)
  6 ogres
  5 centaurs
  A crocodile (D:11)
  5 bullfrogs
  4 scorpions
  6 killer bees
  5 wights
  A howler monkey (D:5)
  2 bullfrog zombies
  9 crimson imps
  A jelly (D:5)
  2 quasits
  A hound (D:11)
  4 orc priests
  A bullfrog skeleton (D:10)
  A centaur skeleton (D:8)
  Terence (D:2)
  2 iguanas
  4 worker ants
  A hound zombie (D:9)
  A hound skeleton (D:2)
  5 gnolls
  15 adders
  2 shadow imps (D:8)
  An adder skeleton (D:7)
  3 worms (D:2)
  A dart slug (D:2)
  5 leopard geckos
  19 orcs
  9 bats
  3 giant cockroaches
  2 goblins (D:2)
  6 hobgoblins
  6 jackals
  3 quokkas (D:7)
  3 ball pythons
  A ball python zombie (D:5)
  5 frilled lizards
  A jackal skeleton (D:7)
  8 kobolds
  6 rats
196 creatures vanquished.

Vanquished Creatures (collateral kills)
  An ugly thing (D:14)
  A manticore (D:11)
  4 yaks
  An ice beast (D:11)
  A necrophage (D:10)
  A bullfrog (D:11)
  4 wights
  A bullfrog zombie (D:10)
  A jelly (D:5)
  An orc priest (D:10)
  3 gnolls
  5 orcs (D:10)
  2 goblins (D:6)
  A jackal (D:8)
27 creatures vanquished.

Grand Total: 223 creatures vanquished

Notes
Turn   | Place    | Note
-------+----------+-------------------------------------------
     0 | D:1      | Lugonue the Felid Transmuter began the quest for the Orb.
     0 | D:1      | Reached XP level 1. HP: 9/9 MP: 4/4
   412 | D:1      | You fall into a shaft and drop 1 floor!
   415 | D:2      | Noticed Terence
   424 | D:2      | Reached XP level 2. HP: 12/12 MP: 4/6
  1006 | D:2      | Reached skill level 1 in Stealth
  1006 | D:2      | Reached XP level 3. HP: 14/15 MP: 7/7
  1017 | D:2      | Learned a level 3 spell: Spider Form
  1066 | D:2      | Killed Terence
  1128 | D:2      | Found a hazy altar of Hepliaklqana.
  1449 | D:2      | Reached XP level 4. HP: 16/19 MP: 4/8
  1608 | D:2      | Reached skill level 2 in Stealth
  2566 | D:3      | Reached XP level 5. HP: 11/22 MP: 6/10
  3379 | D:3      | HP: 1/22 [leopard gecko (2)]
  3383 | D:3      | Succumbed to an adder's poison
  3384 | D:3      | Reached XP level 4. HP: 0/19 MP: 9/9
  4241 | D:3      | Reached XP level 5. HP: 22/22 MP: 6/10
  4392 | D:4      | Found a staircase to the Ecumenical Temple.
  4420 | Temple   | Entered the Ecumenical Temple
  4727 | D:4      | Noticed an ogre
  4747 | D:4      | Killed an ogre
  4747 | D:4      | Reached skill level 1 in Poison Magic
  4747 | D:4      | Gained mutation: You are covered in thick fur. (AC +2)
                  | [Felid growth]
  4747 | D:4      | Reached XP level 6. HP: 25/25 MP: 8/11
  4835 | D:4      | Found a hide-covered altar of Uskayaw.
  4853 | D:4      | Reached skill level 3 in Stealth
  5325 | D:5      | Entered Level 5 of the Dungeon
  5381 | D:5      | Learned a level 2 spell: Sticks to Snakes
  5783 | D:5      | Found Reriacva's Jewellery Emporium.
  5792 | D:5      | Bought a +3 ring of intelligence for 172 gold pieces
  5844 | D:5      | Reached XP level 7. HP: 27/28 MP: 10/13
  5872 | D:5      | Found a shimmering altar of Xom.
  5899 | D:5      | Reached skill level 5 in Unarmed Combat
  6195 | D:5      | Reached skill level 4 in Stealth
  6207 | D:5      | Found a radiant altar of Vehumet.
  6383 | D:5      | Found a shattered altar of Ashenzari.
  6478 | D:6      | Found a snail-covered altar of Cheibriados.
  6491 | D:6      | Became a worshipper of Cheibriados the Contemplative
  6555 | D:6      | Found a large runed translucent door.
  6556 | D:6      | Found a large runed translucent door.
  6558 | D:6      | Noticed Gruesome's ghost (novice OpAE)
  6569 | D:6      | Reached skill level 5 in Stealth
  6759 | D:6      | Reached XP level 8. HP: 33/33 MP: 11/15
  6866 | D:6      | Reached skill level 5 in Transmutations
  6885 | D:6      | Reached skill level 5 in Dodging
  7195 | D:6      | Found an iron altar of Okawaru.
  7435 | D:7      | Reached skill level 6 in Stealth
  7755 | D:7      | Learned a level 5 spell: Blade Hands
  7760 | D:7      | Found an ornate altar of the Wu Jian Council.
  7875 | D:7      | Reached * piety under Cheibriados
  8009 | D:7      | Reached skill level 7 in Stealth
  8423 | D:7      | Reached XP level 9. HP: 36/36 MP: 17/17
  8549 | D:7      | Reached skill level 8 in Stealth
  8605 | D:7      | HP: 1/36 [killer bee (9)]
  8918 | D:7      | Found the +5 scythe "Finisher" {speed, eviscerate}
  8927 | D:7      | Reached skill level 5 in Spellcasting
  9262 | D:8      | Reached skill level 9 in Stealth
  9958 | D:8      | Reached ** piety under Cheibriados
  9975 | D:8      | Learned a level 4 spell: Ice Form
 10413 | D:8      | Slain by a killer bee
 10414 | D:8      | Reached XP level 8. HP: -2/39 MP: 6/17
 10623 | D:9      | Noticed a troll
 10630 | D:9      | Killed a troll
 11277 | D:9      | Found a basalt altar of Yredelemnul.
 11356 | D:9      | Noticed a troll
 11363 | D:9      | Reached XP level 9. HP: 36/36 MP: 12/18
 11376 | D:9      | Killed a troll
 11823 | D:9      | Found a glowing silver altar of Zin.
 11955 | D:9      | Reached skill level 10 in Stealth
 12067 | D:10     | Entered Level 10 of the Dungeon
 12195 | D:10     | Reached *** piety under Cheibriados
 12300 | D:10     | Noticed a deep elf mage
 12301 | D:10     | Noticed an unseen horror
 12317 | D:10     | Killed a deep elf mage
 12317 | D:10     | Reached skill level 1 in Ice Magic
 12462 | D:10     | Noticed a deep elf mage
 12470 | D:10     | Killed a deep elf mage
 12555 | D:10     | Got a scorched emerald amulet
 12559 | D:10     | Identified the amulet "Uvasacon" {Gourm Int+3 Dex+6} (You
                  | found it on level 10 of the Dungeon)
 12576 | D:10     | Killed an unseen horror
 12576 | D:10     | Reached skill level 11 in Stealth
 12576 | D:10     | Reached XP level 10. HP: 15/40 MP: 13/20
 13777 | D:11     | Reached **** piety under Cheibriados
 14245 | D:11     | Noticed an elephant
 14246 | D:11     | Found a staircase to the Lair.
 14249 | D:11     | Noticed a two-headed ogre
 14253 | D:11     | Slain by an elephant
 14254 | D:11     | Reached XP level 9. HP: -2/44 MP: 16/20
 14415 | D:11     | Killed a two-headed ogre
 14633 | D:11     | Reached XP level 10. HP: 40/40 MP: 16/21
 14638 | D:11     | Noticed a manticore
 14656 | D:11     | Killed a manticore
 14867 | D:11     | Noticed Josephine
 14896 | D:12     | You fall into a shaft and drop 2 floors!
 14897 | D:14     | Noticed a red ugly thing
 14897 | D:14     | Noticed a red ugly thing
 14907 | D:14     | Noticed a purple ugly thing
 14907 | D:14     | Noticed a purple ugly thing
 14907 | D:14     | Noticed a purple ugly thing
 14907 | D:14     | Noticed a purple ugly thing
 14908 | D:14     | Noticed a purple ugly thing
 14909 | D:14     | Noticed a purple ugly thing
 14948 | D:14     | Killed a green ugly thing
 14968 | D:14     | Noticed a red ugly thing
 14984 | D:15     | Entered Level 15 of the Dungeon
 15036 | D:15     | Noticed a deep elf mage
 15059 | D:15     | Noticed an unseen horror
 15062 | D:15     | Killed an unseen horror
 15062 | D:15     | Reached skill level 12 in Stealth
 15106 | D:15     | Noticed a deep elf knight
 15106 | D:15     | Noticed a deep elf mage
 15114 | D:15     | Noticed a deep elf knight
 15120 | D:15     | Killed from afar by a deep elf mage

Levels and vault maps discovered:
D:1:      saegor_arrival_simple_c, layout_rooms
D:2:      minmay_angry_zag, layout_rooms, lemuel_round_altar,
          minmay_tiny_reverse_x, uniq_terence
D:3:      layout_rooms
D:4:      layout_basic, lemuel_doored_altar, minmay_temple_entry_tees,
          nicolae_underground_beach
D:5:      layout_loops_ring, led_xom_imps, nicolae_overflow_hidden_temple,
          lemuel_round_altar, first_ration, serial_shops, shop
D:6:      layout_basic, kennysheep_okawaru_gauntlet,
          nicolae_overflow_crystal_walls, ebering_ghost_disaster_area
D:7:      layout_loops_ring, marbit_many_paths, chequers_jeans,
          hangedman_decor_opposing, minmay_guarded_unrand_finisher
D:8:      layout_loops_corners, chequers_temple_overflow_statue_of_worship,
          david_nohive_1, uniq_harold
D:9:      layout_loops_corners, zin_treasury, lemuel_crystal_altar
D:10:     layout_small_grid, minmay_diamond_spiral
D:11:     nicolae_whirlpool, layout_gridville, david_lair_generic, erik_orc_1,
          serial_rivers, chequers_serial_rivers_micro_c,
          chequers_serial_rivers_room_a, chequers_serial_rivers_small_3,
          chequers_serial_rivers_room_a, st_stairs_3, uniq_josephine
D:12:     layout_basic
D:14:     layout_loops_ring, serial_shops, shop
D:15:     grunt_enter_depths_magical_seal, layout_basic, serial_shops, shop,
          minmay_misc_feat_iff, uniq_kirke
Temple:   jpeg_temple_alley_garden

Skill      XL: |  1  2  3  4  5  6  7  8  9 10 |
---------------+-------------------------------+-----
Dodging        | 3 4 6 8 7 |  8.3
Stealth        | 1 2 3 5 7 11 12 | 12.0
Transmutations | 3 4 5 7 8 |  8.0
Unarmed Combat | 4 5 6 8 9 |  9.0
Spellcasting   | 3 4 6 7 |  7.5
Poison Magic   | 1 2 |  2.3
Fighting       | 2 |  2.5
Ice Magic      | 1 |  1.3

Action                   |  1- 3 |  4- 6 |  7- 9 | 10-12 || total
-------------------------+-------+-------+-------+-------++-------
Melee: Unarmed           |    76 |   177 |   334 |    51 ||   638
       Headbutt          |     7 |       |     6 |       ||    13
       Bite              |     7 |     4 |    23 |     4 ||    38
       Punch             |       |     1 |     7 |     2 ||    10
 Cast: Beastly Appendage |    13 |     5 |     6 |       ||    24
       Spider Form       |     1 |    24 |    18 |       ||    43
       Sticks to Snakes  |       |     7 |    32 |    29 ||    68
       Ice Form          |       |       |     8 |     6 ||    14
       Blade Hands       |       |       |    13 |     5 ||    18
 Abil: End Transformatio |       |    11 |    21 |     2 ||    34
Evoke: Wand              |       |       |     1 |     1 ||     2
  Use: Scroll            |     2 |     5 |    12 |    10 ||    29
       Potion            |     2 |     2 |     5 |       ||     9
 Stab: Sleeping          |     3 |     1 |    28 |    10 ||    42
       Distracted        |       |     1 |     2 |     1 ||     4
  Eat: Chunk             |     5 |    13 |    24 |     7 ||    49
Armor: Skin              |     6 |     3 |    31 |     5 ||    45
Dodge: Dodged            |    81 |   154 |   335 |    62 ||   632
Block: Other             |       |       |     2 |       ||     2

Table legend:
 A = Non-vault XP
 B = Vault XP
 C = Vault XP percentage of total XP
 D = Non-vault monster count
 E = Vault monster count
 F = Vault count percentage of total count
                 A         B        C        D         E       F
            +---------+---------+-------+---------+---------+-------
      Total |   10387 |    3157 |  23.3 |     196 |      27 |  12.1
            +---------+---------+-------+---------+---------+-------
        D:1 |      41 |       0 |   0.0 |      19 |       0 |   0.0
        D:2 |      80 |      57 |  41.6 |      23 |       8 |  25.8
        D:3 |     107 |       0 |   0.0 |      15 |       0 |   0.0
        D:4 |     385 |       0 |   0.0 |       8 |       0 |   0.0
        D:5 |     436 |     185 |  29.8 |       8 |       4 |  33.3
        D:6 |     549 |       2 |   0.4 |       9 |       2 |  18.2
        D:7 |     931 |     821 |  46.9 |      24 |       5 |  17.2
        D:8 |     765 |       0 |   0.0 |      22 |       0 |   0.0
        D:9 |    1223 |       0 |   0.0 |      14 |       0 |   0.0
       D:10 |    2187 |    1399 |  39.0 |      32 |       4 |  11.1
       D:11 |    2498 |     693 |  21.7 |      19 |       4 |  17.4
       D:14 |     435 |       0 |   0.0 |       2 |       0 |   0.0
       D:15 |     750 |       0 |   0.0 |       1 |       0 |   0.0
            +---------+---------+-------+---------+---------+-------
